 Dungeon Crawl Stone Soup version 0.17.1-3-g152610e (webtiles) character file.

120 Urist the Bolt Thrower (level 4, -3/37 HPs)
             Began as a Draconian Wanderer on Apr 7, 2016.
             Was an Initiate of Ru.
             Slain by a gnoll
             ... wielding a +0 spear
              (7 damage)
             ... on level 2 of the Dungeon.
             The game lasted 00:10:54 (1858 turns).

Urist the Bolt Thrower (Draconian Wanderer)         Turns: 1858, Time: 00:10:54

Health: -3/37      AC:  5    Str: 15    XL:     4   Next: 75%
Magic:  1/8        EV: 11    Int: 12    God:    Ru [......]
Gold:   37         SH:  0    Dex: 11    Spells: 5 memorised, 0 levels left

rFire  . . .     SeeInvis .     c - +0 whip
rCold  . . .     Clarity  .     (armour unavailable)
rNeg   . . .     SustAt   .     (no shield)
rPois  .         Gourm    .     (helmet restricted)
rElec  .         Spirit   .     (no cloak)
rCorr  .         Warding  .     (no gloves)
rMut   .         Stasis   .     (no boots)
MR     .....                    (no amulet)
Stlth  +.........               (no ring)
                                (no ring)

@: very slightly contaminated, not resistant to hostile enchantments, very
unstealthy
A: unfitting armour, cold-blooded, AC +5
a: Sacrifice Skill, Sacrifice Nimbleness, Sacrifice Essence, Reject Sacrifices,
Renounce Religion


You were on level 2 of the Dungeon.
You worshipped Ru.
Ru was noncommittal.
You were not hungry.

You visited 1 branch of the dungeon, and saw 3 of its levels.

You collected 37 gold pieces.

Inventory:

Hand Weapons
 c - a +0 whip (weapon)
Jewellery
 h - an uncursed ring of sustain attributes
Books
 a - a book of Minor Magic

   Spells                             Type                      Level
   a - Magic Dart                     Conjuration                  1
   b - Blink                          Translocation                2
   c - Call Imp                       Summoning                    2
   d - Repel Missiles                 Charms/Air                   2
   e - Slow                           Hexes                        2
   f - Conjure Flame                  Conjuration/Fire             3
   g - Mephitic Cloud                 Conjuration/Poison/Air       3
 b - the Reference Book on Ice

   Spells                             Type                      Level
   a - Freeze                         Ice                          1
   b - Throw Frost                    Conjuration/Ice              2
Comestibles
 e - a bread ration
 m - a beef jerky


   Skills:
 + Level 2.5 Fighting
   Level 3.9 Crossbows
 + Level 0.8 Dodging
 + Level 0.2 Stealth
   Level 2.0 Shields
 - Level 0.2 Unarmed Combat
 + Level 2.7 Spellcasting
 + Level 1.1 Translocations
 + Level 1.1 Ice Magic


You couldn't memorise any spells.
You knew the following spells:

 Your Spells              Type           Power        Failure   Level  Hunger
a - Freeze                Ice            #...         17%         1    #......
b - Magic Dart            Conj           #...         28%         1    #......
c - Blink                 Tloc           N/A          28%         2    ###....
d - Call Imp              Summ           #.......     38%         2    ###....
e - Throw Frost           Conj/Ice       #.....       34%         2    ###....


Dungeon Overview and Level Annotations

Branches:
Dungeon (3/15)

Altars:
Gozag
Ru
Sif Muna


Innate Abilities, Weirdness & Mutations

Your plain brown scales are hard (AC +5).
Your body does not fit into most forms of armour.
You are cold-blooded and may be slowed by cold attacks.


Message History

You freeze the gnoll.
The gnoll is heavily wounded.
The giant gecko barely misses you. The gnoll hits you with a spear.
* * * LOW HITPOINT WARNING * * *
Casting: Freeze
Confirm with . or Enter, or press ? or * to list all spells.
Aiming: Freeze
Press: ? - help, Shift-Dir - straight line, f/p - gnoll
Aim: a gnoll, wielding a spear (heavily wounded)
You miscast Freeze.
Nothing appears to happen.
The giant gecko closely misses you. The gnoll hits you with a spear.
* * * LOW HITPOINT WARNING * * *
Read which item? (? for menu, Esc to quit)
Okay, then.
Casting: Freeze
Confirm with . or Enter, or press ? or * to list all spells.
You don't have enough magic to cast that spell.
The giant gecko barely misses you.
The gnoll hits you from afar with a spear!
You die...

......#>#........########.## #.
#..####.#.###.#............### ##
#..## #.#.# #.#.#########....##
#...# #.#.###.#.# #...##.###
#.#.# #.#.......# #....#.##.
#.#.# #.####...## ##....#.##.
#.#.###.###>....## #........#.
#.......##.......## ##.###.##.#.
##...####......l@÷####...##.##.#.
#.......+.......>.'.†............
##...####.......g.####.........#.
##.## ##.......## ##.#.######.
#..# ##.....## ###.# #. #.##
##...## #.# ## #.# ##+## #÷# #
#.# #.# ### #.# # #.# #.# ##.##
#.# #


You could see a gnoll and a giant gecko.

Vanquished Creatures
  2 gnolls
  5 adders (D:2)
  2 worms (D:2)
  An orc (D:2)
  4 giant cockroaches
  8 hobgoblins
  6 kobolds
  A ball python (D:2)
  3 bats
  2 giant geckos
  5 giant newts
  5 goblins (D:2)
  6 jackals
  2 rats
52 creatures vanquished.

Notes
Turn   | Place    | Note
--------------------------------------------------------------
     0 | D:1      | Urist the Draconian Wanderer began the quest for the Orb.
     0 | D:1      | Urist set off with: a book of Minor Magic, the Reference Book on Ice, a +0 hand crossbow, 28 bolts, a bread ration
     0 | D:1      | Reached XP level 1. HP: 17/17 MP: 3/3
     0 | D:1      | Identified the Reference Book on Ice
     2 | D:1      | Learned a level 1 spell: Freeze
     4 | D:1      | Learned a level 1 spell: Magic Dart
   176 | D:1      | Reached skill level 3 in Crossbows
   231 | D:1      | Reached XP level 2. HP: 18/25 MP: 0/5
   431 | D:1      | Learned a level 2 spell: Blink
   504 | D:2      | Reached XP level 3. HP: 24/30 MP: 1/6
   552 | D:2      | Found an opulent altar of Gozag.
   676 | D:2      | Found a sacrificial altar of Ru.
   690 | D:2      | Became a worshipper of Ru the Awakened
   813 | D:2      | Reached XP level 4. HP: 28/37 MP: 4/7
   826 | D:2      | Reached skill level 1 in Translocations
  1131 | D:2      | Learned a level 2 spell: Call Imp
  1250 | D:2      | Learned a level 2 spell: Throw Frost
  1386 | D:2      | Found a deep blue altar of Sif Muna.
  1858 | D:2      | Slain by a gnoll

Action                   |  1- 3 |  4- 6 || total
-------------------------+-------+-------++-------
Melee: Whip              |       |     4 ||     4
       Unarmed           |       |     3 ||     3
 Fire: Hand crossbow     |    75 |    50 ||   125
 Cast: Freeze            |    13 |     6 ||    19
       Blink             |     8 |     1 ||     9
       Magic Dart        |       |     3 ||     3
       Call Imp          |       |     3 ||     3
  Use: Potion            |       |     5 ||     5
       Scroll            |       |     2 ||     2
  Eat: Meat ration       |       |     1 ||     1
